 Dungeon Crawl Stone Soup version 0.31.0 (webtiles) character file.

Game seed: 14236563838319953433

3523 qw the Skirmisher (level 10, -1/63 HPs)
             Began as a Gargoyle Hunter on Jan 19, 2024.
             Was a Priest of Okawaru.
             Slain by a two-headed ogre
             ... wielding a +0 giant spiked club
              (8 damage)
             ... on level 9 of the Dungeon.
             The game lasted 00:00:36 (6489 turns).

qw the Skirmisher (Gargoyle Hunter)                 Turns: 6489, Time: 00:00:37

Health: -1/63      AC: 20    Str: 15    XL:     10   Next: 8%
Magic:  12/13      EV: 16    Int: 10    God:    Okawaru [***...]
Gold:   532        SH:  0    Dex: 17    Spells: 9/9 levels left

rFire   . . .        o - +0 orcbow
rCold   . . .        (shield currently unavailable)
rNeg    + . .        b - +0 ring mail
rPois   inf          (no helmet)
rElec   +            f - +0 cloak
rCorr   .            c - +2 pair of gloves
SInv    .            e - +0 pair of boots
Will    .....        q - amulet of the acrobat
Stlth   +++          (no ring)
HPRegen 0.30/turn    (no ring)
MPRegen 0.13/turn

%: acrobat
@: about to teleport, heroic
A: sickness immunity, AC +7, negative energy resistance 1, electricity
resistance, torment resistance 1, petrification resistance
a: Renounce Religion, Heroism


You were on level 9 of the Dungeon.
You worshipped Okawaru.
Okawaru was most pleased with you.
You visited 1 branch of the dungeon, and saw 9 of its levels.

You collected 532 gold pieces.


Innate Abilities, Weirdness & Mutations

You are immune to sickness and miasma.
Your stone body is resilient. (AC +7)
You are immune to poison.
You resist negative energy. (rN+)
You are resistant to electric shocks. (rElec)
You are resistant to unholy torment.
You are immune to petrification.


   Skills:
 - Level 7.0(12.0) Fighting
 - Level 11.0(16.0) Ranged Weapons
 + Level 3.9(8.9) Armour
 - Level 4.6(9.6) Dodging
 - Level 1.1(6.1) Stealth
 - Level 4.0 Invocations


You had 9 spell levels left.
You didn't know any spells.
Your spell library was empty.

Inventory:

Hand Weapons
 o - a +0 orcbow (weapon)
Armour
 b - a +0 ring mail (worn)
 c - a +2 pair of gloves (worn)
 e - a +0 pair of boots (worn)
 f - a +0 cloak (worn)
Jewellery
 q - an amulet of the acrobat (around neck)
Wands
 l - a wand of polymorph (8)
 p - a wand of digging (4)
Scrolls
 k - 2 scrolls of identify
Potions
 d - 3 potions of mutation
 g - a potion of haste
 i - a potion of resistance
 j - 2 potions of curing
 r - a potion of enlightenment

Dungeon Overview and Level Annotations

Branches:
Dungeon (9/15)             Temple (0/1) D:5
   Lair: D:8-11         Orc: D:9-12

Altars:
Okawaru
Xom

Shops:
D:9 (


Message History

The arrow hits the orc warrior but does no damage.
The orc warrior is heavily wounded.
A gnoll sergeant comes into view. It is wielding a +0 spear.
The orc warrior barely misses you.
An orc warrior comes into view. It is wielding a +0 scimitar.
You shoot an arrow. The arrow barely misses the bullfrog.
The orc warrior hits you from afar with a +0 trident.
The bullfrog hits you but does no damage.
You shoot an arrow. The arrow barely misses the bullfrog.
The bullfrog misses you.
The gnoll sergeant hits you but does no damage.
You shoot an arrow. The arrow hits the bullfrog!
The bullfrog is heavily wounded.
The bullfrog closely misses you. The gnoll sergeant misses you.
You shoot an arrow. The arrow closely misses the bullfrog.
The bullfrog closely misses you.
You shoot an arrow. The arrow closely misses the bullfrog.
The bullfrog hits you but does no damage.
The orc warrior hits you with a +0 scimitar!
The bullfrog hits you but does no damage.
The gnoll sergeant barely misses you.
The bullfrog hits you but does no damage.
6487 ||| READING scroll of teleportation.
As you read the scroll of teleportation, it crumbles to dust.
You feel strangely unstable. The bullfrog hits you.
The bullfrog closely misses you.
The gnoll sergeant hits you but does no damage.
The orc warrior hits you with a +0 scimitar.
The two-headed ogre completely misses you.
The two-headed ogre hits you but does no damage.
The bullfrog closely misses you.
You shoot an arrow. The arrow hits the bullfrog!
The bullfrog is severely wounded.
The bullfrog closely misses you. The orc warrior closely misses you.
The gnoll sergeant barely misses you. The bullfrog misses you.
You shoot an arrow. The arrow hits the bullfrog!!
You kill the bullfrog!
Okawaru accepts your kill.
The two-headed ogre hits you with a +0 giant spiked club!
You die...

.... ... ##
.# .#####
.. #.....#
. #
.......#..#
......o.#.#
....!OO..#
......F@.+
......%o.#
.......g#.#
.......#..#
#.....# . #
.##### ..
.# ##


You could see 2 two-headed ogres, 2 orc warriors, a gnoll sergeant and a
bullfrog.

Vanquished Creatures
  A two-headed ogre (D:9)
  Prince Ribbit (D:9)
  Sigmund (D:6)
  A steam dragon (D:8)
  Duvessa (D:6)
  3 black bears
  3 sky beasts
  3 ice beasts
  2 ogres
  A centaur (D:8)
  3 kobold brigands
  3 bullfrogs
  A scorpion (D:6)
  A killer bee (D:8)
  Dowan (D:6)
  A bombardier beetle (D:6)
  3 hounds
  3 jellies
  3 orc priests
  Terence (D:3)
  2 iguanas (D:4)
  4 orc wizards
  Natasha (thrice) (D:3)
  A gnoll (D:9)
  8 adders
  A shadow imp (D:7)
  A white imp (D:6)
  A ribbon worm (D:2)
  A dart slug (D:4)
  19 orcs
  5 ball pythons
  2 bats (D:2)
  12 endoplasms
  7 giant cockroaches
  4 goblins
  8 hobgoblins
  7 jackals
  5 quokkas
  10 kobolds
  7 rats
145 creatures vanquished.

Notes
Turn   | Place    | Note
-------+----------+-------------------------------------------
     0 | D:1      | qw the Gargoyle Hunter began the quest for the Orb.
     0 | D:1      | Reached XP level 1. HP: 12/12 MP: 1/1
     0 | D:1      | 0 ||| qw: Version: 0.3-a-132-g3d54051
     0 | D:1      | 0 ||| qw: Game counter: 36
     0 | D:1      | 0 ||| qw: Melee chars always use a shield: true
     0 | D:1      | 0 ||| qw: God list: Okawaru
     0 | D:1      | 0 ||| qw: Allow faded altars: false
     0 | D:1      | 0 ||| qw: Do Orc after clearing Dungeon:15 true
     0 | D:1      | 0 ||| qw: Do second Lair branch before Depths: true
     0 | D:1      | 0 ||| qw: Lair rune preference: random
     0 | D:1      | 0 ||| qw: Goals: Normal
     0 | D:1      | 0 ||| PLANNING D:1-11
   103 | D:1      | Reached XP level 2. HP: 9/17 MP: 2/2
   770 | D:1      | 770 ||| READING scroll labelled ZUTHRIPRI POUGONI.
   773 | D:1      | 773 ||| READING scroll labelled PIMNE ETUANAT.
   774 | D:1      | 774 ||| READING scroll labelled TOBEMIAZEI.
   774 | D:1      | 774 ||| IDENTIFYING amethyst potion
   775 | D:1      | 775 ||| DROPPING scroll of butterflies.
   856 | D:2      | Reached XP level 3. HP: 21/21 MP: 3/3
   860 | D:2      | 860 ||| FLEEEEING.
   862 | D:2      | 862 ||| FLEEEEING.
   863 | D:2      | 863 ||| FLEEEEING.
   866 | D:2      | Reached skill level 5 in Ranged Weapons
  1106 | D:2      | Reached skill level 3 in Fighting
  1120 | D:2      | Reached XP level 4. HP: 28/28 MP: 4/4
  1454 | D:2      | 1454 ||| UPGRADING to +0 ring mail.
  1464 | D:2      | 1464 ||| DROPPING +0 leather armour.
  1465 | D:2      | 1465 ||| UPGRADING to +0 pair of boots.
  1470 | D:2      | 1470 ||| UPGRADING to +0 cloak.
  1475 | D:2      | 1475 ||| READING 3 scrolls of identify.
  1475 | D:2      | 1475 ||| IDENTIFYING 2 lumpy clear potions
  1476 | D:2      | 1476 ||| READING 2 scrolls of identify.
  1476 | D:2      | 1476 ||| IDENTIFYING 2 bubbling red potions
  1477 | D:2      | 1477 ||| READING scroll of identify.
  1477 | D:2      | 1477 ||| IDENTIFYING 2 fuming sapphire potions
  1478 | D:2      | 1478 ||| DROPPING 2 potions of brilliance.
  1513 | D:3      | Noticed Natasha
  1528 | D:3      | Killed Natasha
  1529 | D:3      | Reached skill level 1 in Armour
  1575 | D:3      | 1575 ||| FLEEEEING.
  1597 | D:3      | Noticed Natasha
  1602 | D:3      | Killed Natasha
  1603 | D:3      | Reached XP level 5. HP: 32/32 MP: 5/5
  1700 | D:3      | Noticed Natasha
  1705 | D:3      | Killed Natasha
  1748 | D:3      | Noticed Terence
  1758 | D:3      | Killed Terence
  1759 | D:3      | Reached skill level 6 in Ranged Weapons
  1764 | D:3      | 1764 ||| FLEEEEING.
  2135 | D:3      | Found an iron altar of Okawaru.
  2136 | D:3      | 2136 ||| PLANNING OKAWARU WORSHIP
  2136 | D:3      | 2136 ||| READING 3 scrolls of identify.
  2136 | D:3      | 2136 ||| IDENTIFYING 2 fuming blue potions
  2137 | D:3      | 2137 ||| READING 2 scrolls of identify.
  2137 | D:3      | 2137 ||| IDENTIFYING scroll labelled OMAUNUOSSE
  2138 | D:3      | 2138 ||| READING scroll of identify.
  2138 | D:3      | 2138 ||| IDENTIFYING 2 scrolls labelled DOEMNE PARUF
  2139 | D:3      | 2139 ||| DROPPING scroll of fog.
  2140 | D:3      | 2140 ||| DROPPING 2 scrolls of amnesia.
  2150 | D:3      | Became a worshipper of Warmaster Okawaru
  2151 | D:3      | 2151 ||| PLANNING D:1-11
  2185 | D:3      | Found a shimmering altar of Xom.
  2259 | D:4      | Reached XP level 6. HP: 27/38 MP: 6/6
  2259 | D:4      | 2259 ||| FLEEEEING.
  2261 | D:4      | 2261 ||| STAIRDANCE
  2340 | D:4      | 2340 ||| FLEEEEING.
  2349 | D:4      | 2349 ||| STAIRDANCE
  2441 | D:4      | 2441 ||| FLEEEEING.
  2748 | D:4      | Reached * piety under Okawaru
  2770 | D:4      | 2770 ||| DRINKING 3 potions of curing.
  2770 | D:4      | 2770 ||| (to cure confusion)
  2772 | D:4      | 2772 ||| DRINKING 2 potions of curing.
  2772 | D:4      | 2772 ||| (to cure confusion)
  2777 | D:4      | 2777 ||| FLEEEEING.
  2782 | D:4      | 2782 ||| STAIRDANCE
  2788 | D:3      | 2788 ||| FLEEEEING.
  2795 | D:3      | 2795 ||| STAIRDANCE
  2847 | D:2      | 2847 ||| UPGRADING to +0 pair of gloves.
  2852 | D:2      | 2852 ||| READING 3 scrolls of identify.
  2852 | D:2      | 2852 ||| IDENTIFYING inky potion
  2853 | D:2      | 2853 ||| READING 2 scrolls of identify.
  2853 | D:2      | 2853 ||| IDENTIFYING scroll labelled MAQOK YL YNT
  2854 | D:2      | 2854 ||| READING scroll of enchant armour.
  2854 | D:2      | 2854 ||| ENCHANTING +0 pair of gloves.
  2866 | D:3      | Reached skill level 1 in Invocations
  2866 | D:3      | 2866 ||| STAIRDANCE
  2868 | D:2      | 2868 ||| FLEEEEING.
  2870 | D:2      | 2870 ||| STAIRDANCE
  2971 | D:4      | Reached XP level 7. HP: 43/43 MP: 6/8
  3043 | D:4      | 3043 ||| INVOKING Heroism.
  3046 | D:4      | Reached skill level 7 in Ranged Weapons
  3171 | D:4      | 3171 ||| FLEEEEING.
  3235 | D:5      | Entered Level 5 of the Dungeon
  3260 | D:5      | Reached skill level 3 in Invocations
  3281 | D:5      | Found a staircase to the Ecumenical Temple.
  3725 | D:5      | Reached ** piety under Okawaru
  4031 | D:6      | Noticed Sigmund
  4032 | D:6      | 4032 ||| INVOKING Heroism.
  4033 | D:6      | 4033 ||| FLEEEEING.
  4034 | D:6      | 4034 ||| FLEEEEING.
  4035 | D:6      | 4035 ||| FLEEEEING.
  4036 | D:6      | 4036 ||| FLEEEEING.
  4037 | D:6      | 4037 ||| FLEEEEING.
  4038 | D:6      | 4038 ||| FLEEEEING.
  4049 | D:6      | 4049 ||| FLEEEEING.
  4061 | D:6      | 4061 ||| INVOKING Heroism.
  4062 | D:6      | Killed Sigmund
  4063 | D:6      | Reached skill level 8 in Ranged Weapons
  4063 | D:6      | Reached XP level 8. HP: 40/48 MP: 8/11
  4353 | D:6      | Noticed Duvessa
  4353 | D:6      | Noticed Dowan
  4371 | D:6      | HP: 6/49 [Duvessa/+3 short sword of draining (10)]
  4372 | D:6      | 4372 ||| DRINKING 3 potions of heal wounds.
  4382 | D:6      | Killed Duvessa
  4383 | D:6      | 4383 ||| INVOKING Heroism.
  4386 | D:6      | HP: 11/49 [Dowan/shard of ice (5)]
  4387 | D:6      | 4387 ||| DRINKING 2 potions of heal wounds.
  4392 | D:6      | Killed Dowan
  4579 | D:6      | Reached skill level 9 in Ranged Weapons
  4603 | D:6      | Reached skill level 3 in Armour
  4754 | D:7      | 4754 ||| FLEEEEING.
  4769 | D:7      | Reached XP level 9. HP: 52/55 MP: 12/12
  4787 | D:7      | 4787 ||| READING scroll of enchant armour.
  4787 | D:7      | 4787 ||| ENCHANTING +1 pair of gloves.
  4797 | D:7      | Reached skill level 6 in Fighting
  4810 | D:7      | 4810 ||| INVOKING Heroism.
  5009 | D:7      | 5009 ||| FLEEEEING.
  5048 | D:7      | 5048 ||| FLEEEEING.
  5125 | D:7      | Reached skill level 10 in Ranged Weapons
  5508 | D:7      | 5508 ||| DROPPING scarf of shadows.
  5665 | D:8      | 5665 ||| SWAPPING to +0 orcbow.
  5666 | D:8      | 5666 ||| DROPPING +0 shortbow.
  5783 | D:8      | Reached *** piety under Okawaru
  5785 | D:8      | 5785 ||| FLEEEEING.
  5786 | D:8      | 5786 ||| FLEEEEING.
  5787 | D:8      | 5787 ||| FLEEEEING.
  5788 | D:8      | 5788 ||| FLEEEEING.
  5789 | D:8      | 5789 ||| FLEEEEING.
  5790 | D:8      | 5790 ||| FLEEEEING.
  5791 | D:8      | 5791 ||| FLEEEEING.
  5792 | D:8      | 5792 ||| FLEEEEING.
  5793 | D:8      | 5793 ||| FLEEEEING.
  5794 | D:8      | 5794 ||| FLEEEEING.
  5795 | D:8      | 5795 ||| FLEEEEING.
  5796 | D:8      | 5796 ||| FLEEEEING.
  5797 | D:8      | 5797 ||| FLEEEEING.
  5799 | D:8      | 5799 ||| FLEEEEING.
  5800 | D:8      | 5800 ||| FLEEEEING.
  5801 | D:8      | 5801 ||| FLEEEEING.
  5802 | D:8      | 5802 ||| FLEEEEING.
  5803 | D:8      | 5803 ||| FLEEEEING.
  5807 | D:8      | 5807 ||| FLEEEEING.
  5808 | D:8      | 5808 ||| FLEEEEING.
  5809 | D:8      | 5809 ||| FLEEEEING.
  5810 | D:8      | 5810 ||| FLEEEEING.
  5914 | D:8      | 5914 ||| FLEEEEING.
  6140 | D:8      | 6140 ||| FLEEEEING.
  6299 | D:8      | 6299 ||| UPGRADING to amulet of the acrobat.
  6304 | D:8      | 6304 ||| DROPPING +6 ring of intelligence.
  6305 | D:8      | 6305 ||| READING 4 scrolls of identify.
  6305 | D:8      | 6305 ||| IDENTIFYING fizzy red potion
  6306 | D:8      | 6306 ||| READING 3 scrolls of identify.
  6306 | D:8      | 6306 ||| IDENTIFYING scroll labelled FEIZXYMETU
  6307 | D:8      | 6307 ||| READING 2 scrolls of identify.
  6307 | D:8      | 6307 ||| IDENTIFYING scroll labelled TACZIX VIATAAT
  6308 | D:8      | 6308 ||| DROPPING scroll of noise.
  6309 | D:8      | 6309 ||| DROPPING scroll of poison.
  6333 | D:9      | Noticed Prince Ribbit
  6334 | D:9      | 6334 ||| INVOKING Heroism.
  6347 | D:9      | Killed Prince Ribbit
  6348 | D:9      | Reached skill level 11 in Ranged Weapons
  6352 | D:9      | 6352 ||| STAIRDANCE
  6406 | D:9      | Found Raufo's Weapon Boutique.
  6408 | D:9      | Noticed a two-headed ogre
  6409 | D:9      | 6409 ||| INVOKING Heroism.
  6416 | D:9      | Killed a two-headed ogre
  6417 | D:9      | Reached XP level 10. HP: 63/63 MP: 10/13
  6458 | D:9      | 6458 ||| RETREEEEATING.
  6459 | D:9      | 6459 ||| RETREEEEATING.
  6461 | D:9      | 6461 ||| RETREEEEATING.
  6462 | D:9      | 6462 ||| RETREEEEATING.
  6463 | D:9      | 6463 ||| RETREEEEATING.
  6465 | D:9      | 6465 ||| RETREEEEATING.
  6466 | D:9      | 6466 ||| RETREEEEATING.
  6467 | D:9      | 6467 ||| RETREEEEATING.
  6468 | D:9      | 6468 ||| RETREEEEATING.
  6469 | D:9      | 6469 ||| RETREEEEATING.
  6472 | D:9      | 6472 ||| RETREEEEATING.
  6474 | D:9      | HP: 5/63 [warg (17)]
  6475 | D:9      | 6475 ||| READING 2 scrolls of teleportation.
  6476 | D:9      | 6476 ||| DRINKING potion of heal wounds.
  6478 | D:9      | Noticed a two-headed ogre
  6479 | D:9      | 6479 ||| INVOKING Heroism.
  6479 | D:9      | Noticed a two-headed ogre
  6486 | D:9      | HP: 15/63 [orc warrior/+0 scimitar (11)]
  6487 | D:9      | 6487 ||| READING scroll of teleportation.
  6487 | D:9      | HP: 6/63 [orc warrior/+0 scimitar (6)]
  6489 | D:9      | Slain by a two-headed ogre

Levels and vault maps discovered:
D:1:      dpeg_arrival_erosion, layout_loops_corners
D:2:      layout_loops_ring
D:3:      layout_basic, mainiacjoe_overflow_six_doors_small,
          mainiacjoe_overflow_surrounded_room, uniq_natasha, uniq_terence
D:4:      layout_gridville, grunt_ministairs_15, minmay_manual_moon
D:5:      layout_loops_cross, minmay_temple_entry_ruins
D:6:      layout_basic, uniq_duvessa, uniq_sigmund
D:7:      layout_loops_ring
D:8:      minmay_spotlight, layout_basic, kennysheep_generic_room_13
D:9:      kennysheep_ambush_hall, layout_rooms, minitemple, erik_orc_4,
          serial_shops, shop, serial_library_hellmonk_room_b,
          roderic_cross_of_infinity, uniq_prince_ribbit1

Skill      XL: |  1  2  3  4  5  6  7  8  9 |
---------------+----------------------------+-----
Ranged Weapons | 5 6 8 9 11 | 11.0
Fighting       | 3 4 5 7 |  7.0
Armour         | 1 2 3 |  3.9
Invocations    | 2 4 |  4.0
Dodging        | 2 4 |  4.6
Stealth        | |  1.1

Action                     |  1- 3 |  4- 6 |  7- 9 | 10-12 || total
---------------------------+-------+-------+-------+-------++-------
   Fire: Shortbow          |    95 |   268 |   285 |       ||   648
         Orcbow            |       |       |   111 |    24 ||   135
 Invoke: Heroism           |       |       |     7 |     1 ||     8
    Use: Scroll            |     3 |     9 |     4 |     2 ||    18
         Potion            |       |     2 |     2 |     1 ||     5
 Armour: Leather armour    |    20 |     4 |       |       ||    24
         Ring mail         |       |   133 |   238 |    20 ||   391
         Skin              |       |       |     1 |       ||     1
  Dodge: Dodged            |    22 |   103 |   165 |    30 ||   320

Table legend:
 A = Non-vault XP
 B = Vault XP
 C = Vault XP percentage of total XP
 D = Non-vault monster count
 E = Vault monster count
 F = Vault count percentage of total count
                 A         B        C        D         E       F
            +---------+---------+-------+---------+---------+-------
      Total |    3546 |    1583 |  30.9 |     125 |      20 |  13.8
            +---------+---------+-------+---------+---------+-------
        D:1 |      23 |       0 |   0.0 |      14 |       0 |   0.0
        D:2 |      77 |       0 |   0.0 |      25 |       0 |   0.0
        D:3 |     126 |     107 |  45.9 |      26 |       3 |  10.3
        D:4 |     136 |     364 |  72.8 |      13 |       8 |  38.1
        D:5 |     346 |       0 |   0.0 |       5 |       0 |   0.0
        D:6 |     576 |     434 |  43.0 |       8 |       3 |  27.3
        D:7 |     909 |       0 |   0.0 |       9 |       0 |   0.0
        D:8 |     493 |     281 |  36.3 |      23 |       3 |  11.5
        D:9 |     860 |     397 |  31.6 |       2 |       3 |  60.0
            +---------+---------+-------+---------+---------+-------
